 Dungeon Crawl Stone Soup version 0.19.1-1-g22dce08 (console) character file.

181 Goblin1989 the Firebug (level 5, -1/35 HPs)
             Began as a Demonspawn Fire Elementalist on Dec 30, 2016.
             Slain by a gnoll (8 damage)
             ... on level 3 of the Dungeon.
             The game lasted 00:20:57 (3636 turns).

Goblin1989 the Firebug (DsFE)                       Turns: 3636, Time: 00:20:58

Health: -1/35      AC:  4    Str:  8    XL:     5   Next: 34%
Magic:  0/9        EV:  6    Int: 18    God:
Gold:   70         SH:  0    Dex: 13    Spells: 3 memorised, 2 levels left

rFire  . . .     SeeInvis .     m - +0 whip
rCold  . . .     Gourm    .     a - +0 robe
rNeg   . . .     Faith    .     (no shield)
rPois  .         Spirit   .     (no helmet)
rElec  .         Reflect  .     (no cloak)
rCorr  .         Harm     .     (no gloves)
MR     .....                    (no boots)
Stlth  ++++......               (no amulet)
                                (no ring)
                                x - ring of stealth

@: held
A: hooves 1, slimy green scales 1, nightstalker 1
a: no special abilities


You were on level 3 of the Dungeon.
You were not hungry.

You visited 1 branch of the dungeon, and saw 3 of its levels.

You collected 70 gold pieces.

Inventory:

Hand Weapons
 m - a +0 whip (weapon)
Missiles
 n - 8 curare-tipped needles
Armour
 a - a +0 robe (worn)
Jewellery
 x - a ring of stealth (left hand)
Wands
 I - a wand of iceblast (4/15)
 L - a wand of lightning (5/15)
Scrolls
 f - 2 scrolls of amnesia {unknown}
 g - 2 scrolls of identify {unknown}
 h - a scroll of teleportation {unknown}
 k - 2 scrolls of fear {unknown}
 o - a scroll of enchant armour {unknown}
 s - 3 scrolls of remove curse {unknown}
Potions
 e - 3 potions of mutation {unknown}
 i - a potion of resistance {unknown}
 j - 2 potions of haste {unknown}
 l - 2 potions of heal wounds {unknown}
 p - a potion of ambrosia {unknown}
 q - a potion of curing {unknown}
Books
 b - a book of Flames

   Spells                             Type                      Level
   a - Flame Tongue                   Conjuration/Fire             1
   b - Throw Flame                    Conjuration/Fire             2
   c - Conjure Flame                  Conjuration/Fire             3
   d - Inner Flame                    Hexes/Fire                   3
   e - Sticky Flame                   Conjuration/Fire             4
   f - Fireball                       Conjuration/Fire             5
Comestibles
 c - a bread ration {@e1}
 d - 3 meat rations {@e2}
 r - a beef jerky
 t - 5 chunks of flesh {@w0}


   Skills:
 - Level 1.7 Dodging
 - Level 1.7 Stealth
 + Level 3.0 Spellcasting
 * Level 3.4 Conjurations
 * Level 3.8 Fire Magic


You had 2 spell levels left.
You knew the following spells:

 Your Spells              Type           Power        Failure   Level  Hunger
a - Flame Tongue          Conj/Fire      ###..        4%          1    None
b - Sticky Flame          Conj/Fire      ###.....     41%         4    ####...
j - Conjure Flame         Conj/Fire      ###.....     14%         3    ###....


Dungeon Overview and Level Annotations

Branches:
Dungeon (3/15)

Altars:


Innate Abilities, Weirdness & Mutations

You have large cloven feet.
You are partially covered in slimy green scales. (AC +2)
You are slightly more attuned to the shadows.


Message History

Confirm with . or Enter, or press ? or * to list all spells.
Aiming: Flame Tongue
Press: ? - help, Shift-Dir - straight line, f/p - gnoll
Aim: a gnoll, wielding a club (moderately wounded)
The flame tongue hits the gnoll.
You kill the gnoll!
The gnoll throws a throwing net.
The throwing net closely misses you.
You now have 0/9 mp.
Unknown command.
The gnoll throws a throwing net.
The throwing net hits you.
You become entangled in the net!
The gnoll hits you.
* * * LOW HITPOINT WARNING * * *
You take 5 damage, and have 13/35 hp.
You struggle against the net.
The gnoll hits you.
* * * LOW HITPOINT WARNING * * *
A gnoll comes into view. It is wielding a club.
You take 6 damage, and have 7/35 hp.
You tear a large gash into the net.
The gnoll hits you!
You die... ███ █.███████ █.g.g...█ █÷█████g█ █████.█ █.█ █.g...█ █g█ █.█████ █@█ █.█ █.█ █g█ █.█ █████ █.█ █.█ █.... █g█

█(█ ████.███ █.█ █.█ █....█
█>g.r....... █.█ █....█
█...█.██████.██.█████████....█
█.█g█.█ ..█..............███


You could see 2 gnolls.

Vanquished Creatures
  Jessica (D:2)
  4 gnolls (D:3)
  5 adders
  A worm (D:2)
  3 dart slugs
  A leopard gecko (D:1)
  6 orcs (D:3)
  A giant cockroach (D:3)
  4 goblins
  7 hobgoblins
  4 jackals (D:3)
  A quokka (D:2)
  2 ball pythons
  6 bats
  2 frilled lizards
  5 kobolds
  5 rats
58 creatures vanquished.

Notes
Turn   | Place    | Note
-------+----------+-------------------------------------------
     0 | D:1      | Goblin1989 the Demonspawn Fire Elementalist began the quest for the Orb.
     0 | D:1      | Reached XP level 1. HP: 13/13 MP: 3/3
   414 | D:1      | Gained mutation: You have large cloven feet. [demonic ancestry]
   414 | D:1      | Reached XP level 2. HP: 19/19 MP: 0/5
  1095 | D:2      | Noticed Jessica
  1356 | D:1      | Reached XP level 3. HP: 18/24 MP: 0/6
  2174 | D:2      | Gained mutation: You are partially covered in slimy green scales. (AC +2) [demonic ancestry]
  2174 | D:2      | Reached XP level 4. HP: 30/30 MP: 4/8
  2495 | D:2      | Learned a level 3 spell: Conjure Flame
  2500 | D:2      | Learned a level 4 spell: Sticky Flame
  2526 | D:2      | Killed Jessica
  3261 | D:3      | Gained mutation: You are slightly more attuned to the shadows. [demonic ancestry]
  3261 | D:3      | Reached XP level 5. HP: 35/35 MP: 6/9
  3636 | D:3      | Slain by a gnoll

Skill      XL: |  1  2  3  4 |
---------------+-------------+-----
Conjurations   | 2 3 |  3.4
Fire Magic     | 3 |  3.8
Spellcasting   | 3 |  3.0
Dodging        | |  1.7
Stealth        | |  1.7

Action                   |  1- 3 |  4- 6 || total
-------------------------+-------+-------++-------
Melee: Unarmed           |    11 |       ||    11
       Kick              |     2 |       ||     2
       Whip              |       |     5 ||     5
 Cast: Flame Tongue      |    69 |    56 ||   125
       Sticky Flame      |       |     2 ||     2
  Eat: Chunk             |     1 |     4 ||     5
       Bread ration      |     1 |       ||     1
Armor: Robe              |    12 |       ||    12
Dodge: Dodged            |    39 |    24 ||    63

Vault maps used:
D:1:      ncdulo_smallfort
D:2:      uniq_jessica
